 Dungeon Crawl Stone Soup version 0.23-a0-38-g6d804a8 (webtiles) character file.

47 mopl the Firebug (level 3, -5/19 HPs)
             Began as a Tengu Fire Elementalist on Aug 5, 2018.
             Slain by an iguana (14 damage)
             ... on level 3 of the Dungeon.
             The game lasted 00:02:37 (1642 turns).

mopl the Firebug (Tengu Fire Elementalist)          Turns: 1642, Time: 00:02:38

Health: -5/19      AC:  2    Str:  8    XL:     3   Next: 70%
Magic:  3/7        EV: 12    Int: 18    God:
Gold:   119        SH:  0    Dex: 12    Spells: 3/7 levels left

rFire    . . .     SeeInvis .   (no weapon)
rCold    . . .     Gourm    .   (no shield)
rNeg     . . .     Faith    .   a - +0 robe
rPois    .         Spirit   .   (helmet restricted)
rElec    .         Reflect  .   (no cloak)
rCorr    .         Harm     .   (no gloves)
MR       .....                  (boots unavailable)
Stlth    ++........             (no amulet)
HPRegen  0.06/turn              g - +2 ring of intelligence
MPRegen  0.10/turn              l - -2 ring of dexterity (curse)

@: no status effects
A: beak, talons 3
a: no special abilities


You were on level 3 of the Dungeon.
You were not hungry.

You visited 1 branch of the dungeon, and saw 3 of its levels.

You collected 119 gold pieces.

Inventory:

Armour
 a - a +0 robe (worn)
Jewellery
 g - a +2 ring of intelligence (left hand)
 l - a cursed -2 ring of dexterity (right hand)
Scrolls
 b - 2 scrolls of amnesia {unknown}
 d - 3 scrolls of identify {unknown}
 e - a scroll of magic mapping {unknown}
 f - 2 scrolls of remove curse {unknown}
 i - 2 scrolls of enchant weapon {unknown}
 j - a scroll of teleportation {unknown}
 n - a scroll of enchant armour {unknown}
Potions
 h - a potion of flight {unknown}
 k - a potion of haste {unknown}
 m - 2 potions of curing {unknown}
Comestibles
 c - 4 rations


   Skills:
 - Level 2.1 Dodging
 - Level 2.0 Stealth
 + Level 2.6 Spellcasting
 + Level 2.8 Conjurations
 + Level 3.9 Fire Magic


You had 3 spell levels left.
You knew the following spells:

 Your Spells              Type           Power        Failure   Level  Hunger
a - Flame Tongue          Conj/Fire      ##...        4%          1    #......
b - Conjure Flame         Conj/Fire      ##......     12%         3    ###....

Your spell library contained the following spells:

 Spells                   Type           Power        Failure   Level  Hunger
 Fireball                 Conj/Fire      ##........   75%         5    ######.
 Throw Flame              Conj/Fire      ##....       6%          2    ##.....
 Sticky Flame             Conj/Fire      ##......     38%         4    #####..
 Inner Flame              Hex/Fire       #.......     22%         3    ###....


Dungeon Overview and Level Annotations

Branches:
Dungeon (3/15)

Altars:
Cheibriados

Annotations:
D:2 exclusion: phantom
D:3 3 runed doors


Innate Abilities, Weirdness & Mutations

You have a beak for a mouth.
You have claws for feet.


Message History

Casting: Flame Tongue (safe; 4% risk of failure)
Confirm with . or Enter, or press ? or * to list all spells.
Aiming: Flame Tongue (safe; 4% risk of failure)
Press: ? - help, Shift-Dir - straight line, f/p - iguana
Aim: an iguana (heavily wounded)
The flame tongue hits the iguana.
The iguana is heavily wounded.
The iguana bites you!
Ouch! That really hurt!
Unknown command.
Casting: Flame Tongue (safe; 4% risk of failure)
Confirm with . or Enter, or press ? or * to list all spells.
Aiming: Flame Tongue (safe; 4% risk of failure)
Press: ? - help, Shift-Dir - straight line, f/p - iguana
Aim: an iguana (heavily wounded)
The flame tongue hits the iguana.
The iguana is severely wounded.
The iguana bites you!
Ouch! That really hurt!
You die...

.. . . .###.
.....#
#...######## .#
#.l......#.#
...###@.###.#.##
#....##.........
#....#.......#
##...#.......#
#...+.......#
#...+.......#+##
##...+..........#
#....#.....[....#
#....#..........#


You could see an iguana.

Vanquished Creatures
  An adder (D:2)
  A dart slug (D:2)
  2 leopard geckos
  3 ball pythons
  4 bats (D:2)
  4 giant cockroaches
  5 goblins
  4 hobgoblins (D:2)
  2 frilled lizards (D:2)
  5 kobolds
  5 rats
36 creatures vanquished.

Vanquished Creatures (others)
  5 toadstools (D:1)
5 creatures vanquished.

Grand Total: 41 creatures vanquished

Notes
Turn   | Place    | Note
-------+----------+-------------------------------------------
     0 | D:1      | mopl the Tengu Fire Elementalist began the quest for the Orb.
     0 | D:1      | Reached XP level 1. HP: 10/10 MP: 4/4
   121 | D:1      | Reached skill level 2 in Conjurations
   121 | D:1      | Reached XP level 2. HP: 9/15 MP: 0/6
   697 | D:2      | Found a snail-covered altar of Cheibriados.
   769 | D:2      | Reached XP level 3. HP: 19/19 MP: 4/7
   782 | D:2      | Learned a level 3 spell: Conjure Flame
  1279 | D:2      | Noticed a phantom
  1613 | D:3      | Found a runed gate.
  1613 | D:3      | Found a runed gate.
  1613 | D:3      | Found a runed gate.
  1642 | D:3      | Slain by an iguana

Vault maps used:
D:1:      ldierk_walled_garden
D:2:      cheibriados_altar_1, minmay_pentomino_o4
D:3:      grunt_temple_overflow_forces_of_nature, gammafunk_ghost_icy

Skill      XL: |  1 |
---------------+----+-----
Conjurations   | 2 |  2.8
Dodging        | |  2.1
Stealth        | |  2.0
Spellcasting   | |  2.6
Fire Magic     | |  3.9

Action                   || total
-------------------------++-------
Melee: Unarmed           ||     6
       Kick              ||     2
 Cast: Flame Tongue      ||    68
  Eat: Chunk             ||     3
Armor: Robe              ||     8
Dodge: Dodged            ||    23

Table legend:
 A = Spawn XP
 B = Non-spawn XP
 C = Spawn XP percentage of total XP
 D = Spawn monster count
 E = Non-spawn monster count
 F = Spawn count percentage of total count
 G = Total turns spent on level
                    A         B        C        D         E        F      G
               +---------+---------+-------+---------+---------+-------+---------
         Total |       0 |      68 |   0.0 |       0 |      36 |   0.0 |  1642
               +---------+---------+-------+---------+---------+-------+---------
           D:1 |       0 |      20 |   0.0 |       0 |      13 |   0.0 |   687
           D:2 |       0 |      48 |   0.0 |       0 |      23 |   0.0 |   926
               +---------+---------+-------+---------+---------+-------+---------
